TOP OF THE 1ST |
University of North Carolina at Chapel Hill Tar Heels batting - Pitching for University of Toronto Marlies : RHP Yuji Higashi
|
Pitching: RHP Yuji Higashi
|
|
Batting: RHB David McDonald
|
0-0: Called Strike 0-1: Swinging Strike 0-2: Ball 1-2: Strikes out swinging
|
Batting: RHB Aaron Stout
|
0-0: Called Strike 0-1: Called Strike 0-2: Strikes out looking
|
Batting: LHB Jason Raker
|
0-0: Called Strike 0-1: Ball 1-1: Ground out 1-3 (Groundball, 34S, EV 71.9 MPH)
|
Top of the 1st over - 0 runs, 0 hits, 0 errors, 0 left on base; University of North Carolina at Chapel Hill 0 - University of Toronto 0 |
BOTTOM OF THE 1ST |
University of Toronto Marlies batting - Pitching for University of North Carolina at Chapel Hill Tar Heels : LHP Ricky Lopez
|
Pitching: LHP Ricky Lopez
|
|
Batting: RHB Rich Thurman
|
0-0: Swinging Strike 0-1: Ball 1-1: Ball 2-1: DOUBLE (Flyball, 8RXD, EV 104.4 MPH)
|
Batting: RHB Leo Gutierrez
|
0-0: Ball 1-0: Ball 2-0: Foul Ball, location: 2F 2-1: DOUBLE (Flyball, 8RD, EV 102.5 MPH) Rich Thurman scores
|
Batting: RHB Elijah Hunter
|
0-0: Called Strike 0-1: Ball 1-1: Ball 2-1: Swinging Strike 2-2: Ground out 4-3 (Groundball, 4, EV 84.4 MPH) Leo Gutierrez to third
|
Batting: RHB Masaru Konno
|
0-0: Called Strike 0-1: Ball 1-1: Foul Ball, location: 2F 1-2: Ball 2-2: Strikes out looking
|
Batting: LHB Jonathon Walton
|
0-0: Ball 1-0: Ball 2-0: 2-RUN HOME RUN (Flyball, 9D, EV 103.1 MPH), Distance : 383 ft
|
Batting: RHB Jose Argueta
|
0-0: Swinging Strike 0-1: Foul Ball, location: 2F 0-2: Strikes out looking
|
Bottom of the 1st over - 3 runs, 3 hits, 0 errors, 0 left on base; University of North Carolina at Chapel Hill 0 - University of Toronto 3 |
TOP OF THE 2ND |
University of North Carolina at Chapel Hill Tar Heels batting - Pitching for University of Toronto Marlies : RHP Yuji Higashi
|
Batting: RHB Kazushige Hasegawa
|
0-0: Ball 1-0: SINGLE (Flyball, 8LS, EV 98.1 MPH)
|
Batting: RHB Travis Robinson
|
0-0: Swinging Strike 0-1: Foul Ball, location: 2F 0-2: Ball 1-2: Strikes out swinging
|
Batting: RHB George Boivin
|
0-0: Swinging Strike 0-1: Ball 1-1: Foul Ball, location: 2F 1-2: Ball 2-2: Strikes out swinging
|
Batting: RHB Sam Daw
|
0-0: Ball 1-0: Foul Ball, location: 2F 1-1: Fly out, F7 (Flyball, 78S, EV 82.5 MPH)
|
Top of the 2nd over - 0 runs, 1 hit, 0 errors, 1 left on base; University of North Carolina at Chapel Hill 0 - University of Toronto 3 |
BOTTOM OF THE 2ND |
University of Toronto Marlies batting - Pitching for University of North Carolina at Chapel Hill Tar Heels : LHP Ricky Lopez
|
Batting: RHB Steve Terres
|
0-0: Called Strike 0-1: Ball 1-1: Called Strike 1-2: Strikes out swinging
|
Batting: SHB Jim Lloyd
|
0-0: Foul Ball, location: 2F 0-1: Ball 1-1: Ball 2-1: Ball 3-1: Foul Ball, location: 2F 3-2: Foul Ball, location: 2F 3-2: Ground out 6-3 (Groundball, 6, EV 100.6 MPH)
|
Batting: LHB Chris Williams
|
0-0: Ball 1-0: Ball 2-0: Called Strike 2-1: Swinging Strike 2-2: SINGLE (Line Drive, 3D, EV 102.5 MPH)
|
Batting: RHB Rich Thurman
|
0-0: Ball 1-0: Called Strike 1-1: Ball 2-1: Swinging Strike 2-2: Reached on error, E4 (Groundball, 4, EV 88.1 MPH) Chris Williams to second
|
Batting: RHB Leo Gutierrez
|
0-0: Ball 1-0: Called Strike 1-1: Foul Ball, location: 2F 1-2: Fly out, F8 (Flyball, 78M, EV 87.5 MPH)
|
Bottom of the 2nd over - 0 runs, 1 hit, 1 error, 2 left on base; University of North Carolina at Chapel Hill 0 - University of Toronto 3 |
TOP OF THE 3RD |
University of North Carolina at Chapel Hill Tar Heels batting - Pitching for University of Toronto Marlies : RHP Yuji Higashi
|
Batting: LHB Dave Bertheau
|
0-0: Called Strike 0-1: Called Strike 0-2: Fly out, F5 (Flyball, 5D, EV 84.4 MPH)
|
Batting: RHB Norm Wood
|
0-0: Ball 1-0: Ball 2-0: Called Strike 2-1: Foul Ball, location: 2F 2-2: Foul Ball, location: 2F 2-2: Ball 3-2: Fly out, F4 (Popup, 34, EV 63.1 MPH)
|
Batting: RHB David McDonald
|
0-0: Called Strike 0-1: Called Strike 0-2: Strikes out swinging
|
Top of the 3rd over - 0 runs, 0 hits, 0 errors, 0 left on base; University of North Carolina at Chapel Hill 0 - University of Toronto 3 |
BOTTOM OF THE 3RD |
University of Toronto Marlies batting - Pitching for University of North Carolina at Chapel Hill Tar Heels : LHP Ricky Lopez
|
Batting: RHB Elijah Hunter
|
0-0: Foul Ball, location: 2F 0-1: Ball 1-1: Foul Ball, location: 2F 1-2: Foul Ball, location: 2F 1-2: Ball 2-2: Strikes out swinging
|
Batting: RHB Masaru Konno
|
0-0: Ball 1-0: Ball 2-0: Swinging Strike 2-1: Foul Ball, location: 2F 2-2: Strikes out looking
|
Pitching: LHP Hector Cardenas
|
|
Batting: LHB Jonathon Walton
|
0-0: Called Strike 0-1: Ball 1-1: Ground out 4-3 (Groundball, 4D, EV 105.6 MPH)
|
Bottom of the 3rd over - 0 runs, 0 hits, 0 errors, 0 left on base; University of North Carolina at Chapel Hill 0 - University of Toronto 3 |
TOP OF THE 4TH |
University of North Carolina at Chapel Hill Tar Heels batting - Pitching for University of Toronto Marlies : RHP Yuji Higashi
|
Batting: RHB Aaron Stout
|
0-0: Called Strike 0-1: Bunt for hit to 15S - play at first, batter OUT! 1-3
|
Batting: LHB Jason Raker
|
0-0: Called Strike 0-1: Foul Ball, location: 2F 0-2: SOLO HOME RUN (Flyball, 89XD, EV 108.8 MPH), Distance : 428 ft
|
Batting: RHB Kazushige Hasegawa
|
0-0: Foul Ball, location: 2F 0-1: Ball 1-1: Ball 2-1: Foul Ball, location: 2F 2-2: DOUBLE (Flyball, 89D, EV 106.9 MPH)
|
Batting: RHB Travis Robinson
|
0-0: Ball 1-0: Foul Ball, location: 2F 1-1: Ball 2-1: Ball 3-1: Fly out, F8 (Flyball, 8LM, EV 86.2 MPH)
|
Batting: RHB George Boivin
|
0-0: Ball 1-0: Swinging Strike 1-1: Fly out, F6 (Popup, 6M, EV 70.6 MPH)
|
Top of the 4th over - 1 run, 2 hits, 0 errors, 1 left on base; University of North Carolina at Chapel Hill 1 - University of Toronto 3 |
BOTTOM OF THE 4TH |
University of Toronto Marlies batting - Pitching for University of North Carolina at Chapel Hill Tar Heels : LHP Hector Cardenas
|
Batting: RHB Jose Argueta
|
0-0: Fly out, F7 (Flyball, 78S, EV 96.2 MPH)
|
Batting: RHB Steve Terres
|
0-0: Foul Ball, location: 2F 0-1: Ground out 4-3 (Groundball, 34, EV 84.4 MPH)
|
Batting: SHB Jim Lloyd
|
0-0: Called Strike 0-1: Foul Ball, location: 2F 0-2: Ball 1-2: Foul Ball, location: 2F 1-2: Fly out, F8 (Flyball, 8RM, EV 92.5 MPH)
|
Bottom of the 4th over - 0 runs, 0 hits, 0 errors, 0 left on base; University of North Carolina at Chapel Hill 1 - University of Toronto 3 |
TOP OF THE 5TH |
University of North Carolina at Chapel Hill Tar Heels batting - Pitching for University of Toronto Marlies : RHP Yuji Higashi
|
Pitching: RHP Dicky Goedhart
|
|
Batting: RHB Sam Daw
|
0-0: Called Strike 0-1: Foul Ball, location: 2F 0-2: Ball 1-2: Strikes out looking
|
Batting: LHB Dave Bertheau
|
0-0: Fly out, F8 (Line Drive, 8LD, EV 101.2 MPH)
|
Batting: RHB Norm Wood
|
0-0: Swinging Strike 0-1: Foul Ball, location: 2F 0-2: Ball 1-2: Strikes out swinging
|
Top of the 5th over - 0 runs, 0 hits, 0 errors, 0 left on base; University of North Carolina at Chapel Hill 1 - University of Toronto 3 |
BOTTOM OF THE 5TH |
University of Toronto Marlies batting - Pitching for University of North Carolina at Chapel Hill Tar Heels : LHP Hector Cardenas
|
Batting: LHB Chris Williams
|
0-0: Ball 1-0: Ball 2-0: Foul Ball, location: 2F 2-1: Fly out, F3 (Popup, 3SF, EV 80.0 MPH)
|
Batting: RHB Rich Thurman
|
0-0: Ball 1-0: Foul Ball, location: 2F 1-1: Ball 2-1: Fly out, F3 (Popup, 3L, EV 66.9 MPH)
|
Batting: RHB Leo Gutierrez
|
0-0: Ball 1-0: Called Strike 1-1: Bunt - Flyout to 15S! F1
|
Bottom of the 5th over - 0 runs, 0 hits, 0 errors, 0 left on base; University of North Carolina at Chapel Hill 1 - University of Toronto 3 |
TOP OF THE 6TH |
University of North Carolina at Chapel Hill Tar Heels batting - Pitching for University of Toronto Marlies : RHP Dicky Goedhart
|
Batting: RHB David McDonald
|
0-0: Ball 1-0: Ball 2-0: Ball 3-0: Called Strike 3-1: Fly out, F8 (Flyball, 78M, EV 98.1 MPH)
|
Batting: RHB Aaron Stout
|
0-0: Called Strike 0-1: Swinging Strike 0-2: Ball 1-2: Strikes out swinging
|
Batting: LHB Jason Raker
|
0-0: Called Strike 0-1: SINGLE (Line Drive, 78S, EV 87.5 MPH)
|
Batting: RHB Kazushige Hasegawa
|
0-0: Called Strike 0-1: Swinging Strike 0-2: Foul Ball, location: 2F 0-2: Ball Jason Raker steals 2nd base 1-2: Fly out, F4 (Line Drive, 4, EV 70.6 MPH)
|
Top of the 6th over - 0 runs, 1 hit, 0 errors, 1 left on base; University of North Carolina at Chapel Hill 1 - University of Toronto 3 |
BOTTOM OF THE 6TH |
University of Toronto Marlies batting - Pitching for University of North Carolina at Chapel Hill Tar Heels : LHP Hector Cardenas
|
Batting: RHB Elijah Hunter
|
0-0: Ball 1-0: Ball 2-0: Called Strike 2-1: SINGLE (Flyball, 7LS, EV 88.8 MPH)
|
Batting: RHB Masaru Konno
|
0-0: Ball 1-0: Ball 2-0: Ball 3-0: Called Strike 3-1: Fly out, F9 (Flyball, 89D, EV 103.8 MPH)
|
Batting: LHB Jonathon Walton
|
0-0: Fly out, F9 (Flyball, 9S, EV 95.0 MPH)
|
Batting: RHB Jose Argueta
|
0-0: Called Strike 0-1: Called Strike 0-2: Ball 1-2: Foul Ball, location: 2F 1-2: Ball 2-2: Ball 3-2: Foul Ball, location: 2F 3-2: Strikes out swinging
|
Bottom of the 6th over - 0 runs, 1 hit, 0 errors, 1 left on base; University of North Carolina at Chapel Hill 1 - University of Toronto 3 |
TOP OF THE 7TH |
University of North Carolina at Chapel Hill Tar Heels batting - Pitching for University of Toronto Marlies : RHP Dicky Goedhart
|
Pitching: RHP Jeremy Brown
|
|
Batting: RHB Travis Robinson
|
0-0: Ground out 5-3 (Groundball, 56, EV 86.2 MPH)
|
Batting: RHB George Boivin
|
0-0: Called Strike 0-1: Ball 1-1: Ball 2-1: Called Strike 2-2: Strikes out swinging
|
Batting: RHB Sam Daw
|
0-0: Called Strike 0-1: Ball 1-1: Foul Ball, location: 2F 1-2: Foul Ball, location: 2F 1-2: Foul Ball, location: 2F 1-2: Ball 2-2: Ball 3-2: Ground out 3-1 (Groundball, 34S, EV 83.8 MPH)
|
Top of the 7th over - 0 runs, 0 hits, 0 errors, 0 left on base; University of North Carolina at Chapel Hill 1 - University of Toronto 3 |
BOTTOM OF THE 7TH |
University of Toronto Marlies batting - Pitching for University of North Carolina at Chapel Hill Tar Heels : LHP Hector Cardenas
|
Pitching: LHP Jason Haas
|
|
Batting: RHB Steve Terres
|
0-0: Swinging Strike 0-1: Ball 1-1: Ball 2-1: Ball 3-1: Base on Balls
|
Batting: SHB Jim Lloyd
|
0-0: Ball 1-0: Called Strike 1-1: Foul Ball, location: 2F 1-2: Ball 2-2: Fly out, F9 (Flyball, 9S, EV 83.8 MPH)
|
Batting: LHB Chris Williams
|
0-0: Ball 1-0: 2-RUN HOME RUN (Flyball, 8LXD, EV 115.6 MPH), Distance : 459 ft
|
Pinch Hitting: SHB Jason Todd
|
0-0: Ball 1-0: SINGLE (Groundball, 56D, EV 95.0 MPH)
|
Batting: LHB Jonathan Roman
|
0-0: Swinging Strike 0-1: Called Strike 0-2: Strikes out swinging
|
Pinch Hitting: LHB Marshall Daul
|
0-0: Fly out, F9 (Flyball, 9LM, EV 102.5 MPH)
|
Bottom of the 7th over - 2 runs, 2 hits, 0 errors, 1 left on base; University of North Carolina at Chapel Hill 1 - University of Toronto 5 |
TOP OF THE 8TH |
University of North Carolina at Chapel Hill Tar Heels batting - Pitching for University of Toronto Marlies : RHP Jeremy Brown
|
Now at 3B: Dan Allred
|
|
Now in LF: Jim Lloyd
|
|
Now in CF: Marshall Daul
|
|
Now in RF: Fernão Manta
|
|
Batting: LHB Dave Bertheau
|
0-0: Ball 1-0: Fly out, F8 (Line Drive, 8LD, EV 95.0 MPH)
|
Pinch Hitting: LHB Edgar Ortiz
|
0-0: Called Strike 0-1: SOLO HOME RUN (Flyball, 89XD, EV 107.5 MPH), Distance : 425 ft
|
Pinch Hitting: RHB Akira Kubo
|
0-0: Called Strike 0-1: Fly out, F7 (Line Drive, 7, EV 92.5 MPH)
|
Pinch Hitting: RHB Andy Baumhardt
|
0-0: Called Strike 0-1: Ground out 1-3 (Groundball, 13, EV 71.9 MPH)
|
Top of the 8th over - 1 run, 1 hit, 0 errors, 0 left on base; University of North Carolina at Chapel Hill 2 - University of Toronto 5 |
BOTTOM OF THE 8TH |
University of Toronto Marlies batting - Pitching for University of North Carolina at Chapel Hill Tar Heels : LHP Jason Haas
|
Now at 1B: Andy Baumhardt
|
|
Now at 2B: Akira Kubo
|
|
Now at SS: Edgar Ortiz
|
|
Batting: RHB Masaru Konno
|
0-0: Ball 1-0: Called Strike 1-1: Fly out, F8 (Flyball, 8RS, EV 81.9 MPH)
|
Pinch Hitting: RHB Isdel Alvarez
|
0-0: Ball 1-0: Ball 2-0: Fly out, F9 (Flyball, 9S, EV 86.2 MPH)
|
Batting: RHB Jose Argueta
|
0-0: Called Strike 0-1: Fly out, F8 (Flyball, 8RS, EV 91.2 MPH)
|
Bottom of the 8th over - 0 runs, 0 hits, 0 errors, 0 left on base; University of North Carolina at Chapel Hill 2 - University of Toronto 5 |
TOP OF THE 9TH |
University of North Carolina at Chapel Hill Tar Heels batting - Pitching for University of Toronto Marlies : RHP Jeremy Brown
|
Pitching: RHP Edwin Martinez
|
|
Now at 1B: Francisco Marin
|
|
Batting: LHB Jason Raker
|
0-0: SINGLE (Line Drive, 8LS, EV 85.0 MPH)
|
Batting: RHB Kazushige Hasegawa
|
0-0: Ball 1-0: SINGLE (Groundball, 6MD, EV 94.4 MPH) Jason Raker to second
|
Batting: RHB Travis Robinson
|
0-0: Called Strike 0-1: Foul Ball, location: 2F 0-2: Ball 1-2: Strikes out swinging
|
Batting: RHB Chris Skaff
|
0-0: Called Strike 0-1: Foul Ball, location: 2F 0-2: Ball 1-2: Ball 2-2: Strikes out swinging
|
Batting: RHB Sam Daw
|
0-0: Called Strike 0-1: Ball 1-1: Swinging Strike 1-2: Foul Ball, location: 2F 1-2: Ball 2-2: Foul Ball, location: 2F 2-2: Ball 3-2: Base on Balls Jason Raker to third Kazushige Hasegawa to second
|
Pinch Hitting: RHB Jonathan Livingston
|
0-0: Called Strike 0-1: Ball 1-1: Ball 2-1: Fly out, F8 (Flyball, 8LM, EV 78.8 MPH)
|
Top of the 9th over - 0 runs, 2 hits, 0 errors, 3 left on base; University of North Carolina at Chapel Hill 2 - University of Toronto 5 |
|